Map: Dusk Towers

Players

lesha - Winner!

  • Race: Terran Terran
  • League: Gold

Ratch

  • Race: Terran Terran
  • League: Silver

VOD

Have the link to the VOD?

Description

Time

  • Played on: Jan. 14, 2016, 10:17 a.m.
  • Length: 16:17
Show
View Real Time Build Order
Export as new Build Order

lesha Terran - Winner!

Build Orders: MMM Bio 

Get SALT Encoding   

  12  0:01  SCV  
  13  0:13  SCV  
  14  0:17  Supply Depot  
  14  0:25  SCV  
  15  0:39  SCV  
  15  0:41  Barracks  
  16  0:48  Refinery  
  16  0:54  SCV  
  17  1:06  SCV  
  18  1:18  SCV  
  19  1:30  SCV  
  20  1:41  Command Center  
  20  1:43  Orbital Command  
  20  1:45  Reaper  
  21  1:58  Supply Depot  
  21  2:02  Refinery  
  21  2:10  SCV, Barracks  
  22  2:26  Factory  
  22  2:35  SCV  
  22  2:36  Barracks Reactor  
  23  2:47  SCV  
  23  3:01  SCV, Engineering Bay  
  23  3:03  Orbital Command  
  24  3:07  Barracks Reactor  
  24  3:09  Factory Tech Lab  
  24  3:14  SCV, Marine x2  
  27  3:26  SCV  
  28  3:33  Missile Turret  
  29  3:34  SCV  
  29  3:35  Marine  
  29  3:36  Marine  
  29  3:37  Siege Tank  
  29  3:38  SCV  
  35  3:45  Barracks  
  35  3:46  SCV, Marine x2  
  38  3:50  SCV  
  39  3:57  Marine  
  39  3:58  SCV, Marine  
  39  4:02  SCV  
  43  4:07  Marine x2  
  45  4:10  SCV  
  46  4:17  Missile Turret  
  46  4:21  SCV  
  37  4:40  Marine x2  
  37  4:41  Marine x2  
  37  4:42  Siege Tank  
  37  4:43  SCV x2  
  46  4:51  Barracks Tech Lab  
  46  4:52  Terran Infantry Weapons Level 1  
  46  4:54  Starport  
  46  5:07  Supply Depot  
  46  5:10  Supply Depot  
  46  5:12  Stimpack  
  46  5:23  Command Center  
  46  5:29  SCV x2, Marine x4  
  46  5:33  Starport Reactor  
  52  5:39  Supply Depot  
  52  5:40  Supply Depot  
  52  5:41  SCV x2  
  54  5:45  Siege Tank  
  57  5:53  SCV x2, Marine x2  
  57  5:54  Marine  
  62  6:01  Marauder, Marine  
  62  6:03  Supply Depot  
  65  6:05  Supply Depot  
  65  6:06  SCV x2  
  65  6:11  Medivac  
  69  6:13  Medivac  
  71  6:25  SCV x2  
  73  6:33  Marine x3  
  73  6:34  Marine x2  
  73  6:37  SCV, Siege Tank  
  82  6:42  Engineering Bay  
  82  6:47  Refinery  
  82  6:49  Refinery  
  83  6:54  SCV x2  
  83  6:58  Marine x5  
  89  7:06  SCV x2  
  91  7:13  Combat Shields  
  91  7:15  Missile Turret  
  91  7:16  Missile Turret  
  91  7:20  SCV x2  
  91  7:21  Marine  
  91  7:22  Marine x3  
  97  7:27  Orbital Command  
  97  7:32  SCV x2  
  97  7:34  Marine  
  100  7:39  Terran Infantry Armor Level 1, Marine x2  
  100  7:42  Armory  
  102  7:53  SCV x2  
  102  7:54  Missile Turret x2  
  102  7:56  SCV  
  102  7:58  Marine x3  
  105  8:05  SCV  
  109  8:08  Barracks  
  109  8:11  Barracks  
  109  8:13  Barracks  
  109  8:17  Supply Depot  
  109  8:19  Supply Depot  
  109  8:25  Supply Depot  
  109  8:37  Terran Infantry Weapons Level 2  
  109  8:39  Marauder, SCV x2, Medivac, Marine x2  
  109  8:41  SCV, Medivac, Marine x2  
  122  8:51  SCV x2  
  122  8:53  SCV, Concussive Shells  
  125  8:57  Marine  
  125  9:01  Supply Depot  
  126  9:03  Barracks Reactor x2, Barracks Tech Lab, SCV x2  
  126  9:04  Supply Depot  
  126  9:05  SCV  
  126  9:06  Marine x2  
  126  9:07  Supply Depot x2, Marine x2  
  133  9:17  Refinery  
  133  9:18  Refinery  
  133  9:23  SCV x3  
  110  9:50  Marine x5  
  110  9:51  Marine x4  
  110  9:52  Medivac, Marauder  
  97  9:53  Medivac  
  77  10:08  Marine  
  77  10:09  Marauder  
  77  10:13  Marauder  
  78  10:25  Marine x5  
  78  10:26  Marine x3  
  71  10:30  Marine  
  71  10:34  Marine  
  62  10:43  Marine  
  43  11:00  Marine x6  
  43  11:01  Marine x4  
  43  11:04  Siege Tank, Medivac x2  
  45  11:17  Marine  
  45  11:18  Marine x5  
  43  11:50  Marine  
  43  11:51  Marine  
  35  12:24  SCV  
  36  12:36  SCV  
  31  13:16  SCV  
  32  13:28  SCV  
  33  14:10  SCV  
  34  14:58  SCV  
  35  15:10  SCV  
  36  15:22  SCV  
  37  15:59  Command Center  
Show
View Real Time Build Order
Export as new Build Order

Ratch Terran 

Build Orders: 1/1/1, MMM Bio 

Get SALT Encoding   

  12  0:01  SCV  
  13  0:13  SCV  
  14  0:18  Supply Depot  
  14  0:25  SCV  
  15  0:29  Refinery  
  15  0:40  SCV  
  16  0:45  Barracks  
  16  0:52  SCV  
  18  1:04  SCV  
  18  1:11  Supply Depot  
  18  1:16  SCV  
  19  1:32  Orbital Command  
  19  1:36  Factory  
  19  1:37  Marine  
  20  1:45  Supply Depot  
  20  1:55  Marine  
  20  1:58  SCV  
  22  2:10  SCV  
  22  2:13  Marine  
  24  2:19  Hellion  
  24  2:22  SCV, Starport  
  27  2:30  Marine  
  27  2:31  Supply Depot  
  28  2:41  Hellion  
  30  2:48  Marine  
  31  2:56  Command Center  
  31  2:59  Medivac  
  31  3:05  SCV  
  34  3:06  Marine  
  34  3:09  Factory Tech Lab  
  35  3:16  Refinery  
  35  3:20  SCV  
  35  3:24  Marine  
  37  3:32  Viking  
  39  3:40  SCV  
  40  3:45  Marine  
  41  3:52  SCV  
  42  4:00  Barracks  
  42  4:03  Barracks  
  42  4:04  Marine  
  42  4:07  Siege Tank  
  46  4:22  Marine  
  39  4:45  Starport Reactor  
  39  4:48  SCV  
  41  4:54  Orbital Command  
  41  4:57  Stimpack  
  41  4:58  Barracks Reactor x2  
  40  5:00  Factory Tech Lab  
  40  5:01  Marine  
  40  5:05  SCV  
  42  5:09  Supply Depot  
  42  5:11  Supply Depot, Engineering Bay x2  
  42  5:19  SCV  
  42  5:20  Marine  
  44  5:23  Medivac  
  44  5:25  SCV  
  47  5:29  Refinery  
  47  5:32  Siege Tank  
  50  5:35  Marine  
  50  5:36  Marine x3  
  50  5:38  Marine  
  50  5:42  SCV x2  
  57  5:47  Refinery  
  57  5:53  Marine  
  57  5:57  Barracks x2, Marine x2  
  58  5:58  Supply Depot, Marine  
  58  6:03  SCV x2  
  63  6:12  Marine  
  63  6:14  Terran Infantry Weapons Level 1, Terran Infantry Armor Level 1  
  63  6:15  SCV  
  63  6:17  Marine  
  66  6:19  Marine  
  66  6:20  SCV  
  66  6:23  Marine  
  69  6:29  Medivac  
  69  6:30  Marine  
  69  6:31  Marine  
  73  6:33  SCV  
  73  6:34  SCV  
  75  6:42  Marine  
  75  6:43  Marine  
  75  6:45  SCV  
  78  6:51  SCV  
  79  6:59  Marine x2  
  79  7:00  Marine  
  82  7:01  SCV  
  82  7:04  Barracks Reactor x2  
  82  7:07  SCV  
  84  7:18  Marauder  
  86  7:26  Command Center  
  86  7:27  Supply Depot  
  86  7:29  Supply Depot  
  86  7:31  Supply Depot  
  86  7:35  Armory  
  86  7:48  SCV, Marine x7  
  86  7:50  SCV, Siege Tank  
  98  7:54  Medivac  
  100  7:59  Combat Shields  
  100  8:01  SCV  
  100  8:02  SCV  
  100  8:05  Marine  
  103  8:12  Supply Depot, Marine x3  
  106  8:15  Supply Depot  
  106  8:16  Supply Depot  
  106  8:17  SCV x2  
  108  8:21  Marine x2  
  108  8:24  Terran Infantry Weapons Level 2  
  110  8:29  Terran Infantry Armor Level 2  
  110  8:34  SCV x2  
  112  8:38  Orbital Command  
  112  8:40  Marine  
  112  8:41  Marine  
  114  8:45  Marine  
  114  8:46  Marine  
  116  8:50  SCV x2  
  116  8:52  Marine x2  
  120  9:02  SCV  
  121  9:10  SCV  
  121  9:11  SCV  
  121  9:14  Refinery  
  121  9:17  Marine x2  
  125  9:26  Barracks x2  
  98  9:50  Marine x2  
  98  9:51  Marine x6  
  84  9:59  Marine  
  84  10:07  Siege Tank  
  84  10:08  Marine x2  
  84  10:13  Marine x3  
  72  10:34  Marine x3  
  72  10:35  Marine x3  
  57  10:48  Marine  
  57  10:49  Marine x2  
  49  10:51  Orbital Command  
  49  10:52  Marine  
  46  10:58  Marine x2  
  40  11:09  Marine  
  40  11:10  Marine x2  
  40  11:11  Medivac  
  41  11:16  Marine  
  41  11:17  Marine x5  
  46  11:23  SCV  
  32  11:41  Marine x4, Medivac  
  32  11:42  Marine x3  
  41  11:50  Marine x2  
  37  12:05  Marine  
  38  12:11  Medivac  
  24  12:41  Medivac  
  26  12:50  SCV  
  27  13:05  Marine x2  
  14  13:12  SCV  
  7  13:17  Marine  
  8  13:22  Marine  
  8  13:25  SCV  
  10  13:37  SCV  
  7  13:49  SCV  
  6  14:01  SCV, Marine x2  
  9  14:13  Marine x2  
  9  14:14  Marine x2  
  9  14:16  SCV  
  14  14:19  Medivac  
  14  14:23  Marine  
  17  14:29  Marine  
  18  14:35  Marine  
  11  14:52  Marine  
  11  14:53  Marine  
  13  15:04  Marine  
Tags
 
Composition
MMM BioMMM Bio
Matchup
TvT
Opening
1/1/1
Race
Terran
Add a new tag
Caveats
  • Supply blocks, unpowered buildings, or Contaminate may cause inaccurate times.
  • Supply counts are checked every 10 seconds.